 Dungeon Crawl Stone Soup version 0.28-a0-1415-g7c84da036a (webtiles) character file.

Game seed: 11401542628049945991

1319 southernslant the Skirmisher (level 8, -1/51 HPs)
             Began as a Gargoyle Gladiator on Jan 7, 2022.
             Slain by Prince Ribbit (13 damage)
             ... on level 6 of the Dungeon on Jan 8, 2022.
             The game lasted 00:15:53 (6411 turns).

southernslant the Skirmisher (Gargoyle Gladiator)   Turns: 6411, Time: 00:15:54

Health: -1/51      AC: 10    Str: 20    XL:     8   Next: 59%
Magic:  8/8        EV: 12    Int: 15    God:
Gold:   174        SH:  0    Dex: 11    Spells: 7/7 levels left

rFire   . . .      SeeInvis .   a - +0 quarterstaff
rCold   . . .      Faith    .   (shield currently unavailable)
rNeg    + . .      Spirit   .   b - +0 leather armour
rPois   ∞          Reflect  .   c - +0 helmet
rElec   +          Harm     .   (no cloak)
rCorr   .          Rampage  .   (no gloves)
Will    .....                   (no boots)
Stlth   ++........              (no amulet)
HPRegen 0.17/turn               x - +6 ring of intelligence
MPRegen 0.11/turn               (no ring)

@: no status effects
A: sickness immunity, AC +5, negative energy resistance 1, electricity
resistance, torment resistance 1, petrification resistance
a: no special abilities


You were on level 6 of the Dungeon.
You visited 1 branch of the dungeon, and saw 6 of its levels.
You also visited: Sewer.

You collected 174 gold pieces.

Inventory:

Hand Weapons
 a - a +0 quarterstaff (weapon)
 w - a +2 rapier of draining
Missiles
 d - 3 throwing nets
 g - 9 poisoned darts (quivered)
 j - 205 stones
Armour
 b - a +0 leather armour (worn)
 c - a +0 helmet (worn)
Magical Staves
 h - a staff of fire
Jewellery
 x - a +6 ring of intelligence (left hand)
Wands
 u - a wand of flame (13)
Scrolls
 e - 4 scrolls of brand weapon {unknown}
 f - 3 scrolls of silence {unknown}
 k - a scroll of blinking {unknown}
 l - a scroll of magic mapping {unknown}
 n - 3 scrolls of immolation {unknown}
 p - a scroll of vulnerability {unknown}
 t - 2 scrolls of identify {unknown}
 y - a scroll of amnesia {unknown}
 z - 2 scrolls of teleportation {unknown}
 A - a scroll of fear {unknown}
Potions
 i - a potion of mutation {unknown}
 m - 2 potions of degeneration {unknown}
 o - 2 potions of might {unknown}
 q - 4 potions of flight
 r - a potion of heal wounds
 s - a potion of magic {unknown}
 v - 2 potions of curing {unknown}


   Skills:
 * Level 6.2 Fighting
 * Level 5.1 Staves
 - Level 3.0 Throwing
 + Level 5.0 Armour
 + Level 3.9 Dodging
 + Level 2.6 Stealth
 + Level 1.8 Evocations


You had 7 spell levels left.
You didn't know any spells.
Your spell library was empty.

Dungeon Overview and Level Annotations

Branches:
Dungeon (6/15)              Sewer (visited)
 Temple: D:4-7

Altars:
Elyvilon
Sif Muna
Trog
Uskayaw
Vehumet
Xom

Annotations:
D:6 Prince Ribbit


Innate Abilities, Weirdness & Mutations

You are immune to sickness and miasma.
Your stone body is resilient. (AC +5)
You are immune to poison.
You resist negative energy. (rN+)
You are resistant to electric shocks. (rElec)
You are resistant to unholy torment.
You are immune to petrification.


Message History

You see here a sky beast corpse.
You hit Prince Ribbit.
Prince Ribbit is lightly wounded.
Prince Ribbit hits you.
You hit Prince Ribbit.
Prince Ribbit is moderately wounded.
Prince Ribbit looks more healthy.
Prince Ribbit asks, "Just a little smooch?"
Prince Ribbit misses you.
Prince Ribbit catches a small bird with his tongue.
Prince Ribbit hits you!
There is an escape hatch in the floor here.
You miss Prince Ribbit.
Prince Ribbit is moderately wounded.
Prince Ribbit hits you but does no damage.
You hit Prince Ribbit.
Prince Ribbit is heavily wounded.
Prince Ribbit croaks regally.
Prince Ribbit blinks!
You closely miss Prince Ribbit.
Prince Ribbit is moderately wounded.
Prince Ribbit hits you.
You barely miss Prince Ribbit.
Prince Ribbit is moderately wounded.
Prince Ribbit hits you. x2
You barely miss Prince Ribbit.
Prince Ribbit is moderately wounded.
Prince Ribbit hits you but does no damage.
Prince Ribbit hits you! Prince Ribbit misses you.
There is an escape hatch in the floor here.
You miss Prince Ribbit.
Prince Ribbit is moderately wounded.
Prince Ribbit hits you.
* * * LOW HITPOINT WARNING * * *
You closely miss Prince Ribbit.
Prince Ribbit is moderately wounded.
Prince Ribbit hits you but does no damage.
Prince Ribbit hits you!
You die...

.#####...............#
#.#####.P.PPP.P.#
#.#####.P.....P.#
#.##....P.._..P.#
#.##.##.P.....P.#
#.......P.PPP.P.#####
####.##.............#
#.##.PPPPPPP.....†
#@##..........##.#
..#########F##.##...###.##.#
..........†.#..###.## #.##..
..###.#.......## #... ..####
.........##.#.# # .. ... .
.........##..... ..## ##
.........##...### ..
..###.#...>...# ... .
..........##


You could see Prince Ribbit.

Vanquished Creatures
  Eustachio (D:4)
  A sky beast (D:6)
  2 black bears
  A necrophage (D:6)
  2 ogres (D:5)
  A centaur (D:3)
  A kobold brigand (Sewer)
  A scorpion (D:5)
  A bullfrog skeleton (D:5)
  A centaur skeleton (D:5)
  An orc priest (D:3)
  2 orc wizards
  A hound skeleton (D:4)
  Robin (D:2)
  3 gnolls (D:2)
  A river rat (Sewer)
  8 adders
  A shadow imp (D:5)
  A white imp (D:6)
  An adder skeleton (D:4)
  2 worms
  3 dart slugs
  6 orcs
  8 endoplasms
  6 giant cockroaches
  17 goblins
  14 hobgoblins
  6 jackals
  3 quokkas
  7 ball pythons
  5 bats
  A frilled lizard (D:3)
  9 kobolds
  10 rats
129 creatures vanquished.

Vanquished Creatures (others)
  An orc wizard (D:3)
  An endoplasm (D:1)
  A rat (D:1)
3 creatures vanquished.

Grand Total: 132 creatures vanquished

Notes
Turn   | Place    | Note
-------+----------+-------------------------------------------
     0 | D:1      | southernslant the Gargoyle Gladiator began the quest for
                  | the Orb.
     0 | D:1      | Reached XP level 1. HP: 12/12 MP: 1/1
   276 | D:1      | Reached XP level 2. HP: 4/18 MP: 2/2
   582 | D:1      | Found a faded altar of an unknown god.
   792 | D:1      | Reached skill level 1 in Armour
   970 | D:2      | Found the +6 lightning scales {swift, rElec}
  1092 | D:2      | Reached XP level 3. HP: 22/22 MP: 3/3
  1360 | D:2      | Reached skill level 3 in Fighting
  1470 | D:2      | Noticed Robin
  1493 | D:2      | Reached XP level 4. HP: 27/28 MP: 4/4
  1507 | D:2      | Killed Robin
  2235 | D:2      | Reached XP level 5. HP: 32/32 MP: 5/5
  2488 | D:3      | Found a glowing drain.
  2492 | Sewer    | Entered a sewer
  2582 | Sewer    | Noticed a kobold brigand
  2633 | Sewer    | Killed a kobold brigand
  2634 | Sewer    | Reached XP level 6. HP: 19/38 MP: 6/6
  2848 | Sewer    | Found a white marble altar of Elyvilon.
  3165 | D:3      | Reached skill level 4 in Fighting
  3381 | D:3      | Found a shimmering altar of Xom.
  3483 | D:3      | Found a radiant altar of Vehumet.
  3934 | D:4      | Noticed Eustachio
  3974 | D:4      | Killed Eustachio
  3975 | D:4      | Reached XP level 7. HP: 27/44 MP: 7/7
  4282 | D:4      | HP: 2/44 [black bear (3)]
  4294 | D:4      | Reached skill level 5 in Fighting
  4757 | D:4      | Found a white marble altar of Elyvilon.
  5032 | D:5      | Entered Level 5 of the Dungeon
  5081 | D:5      | Reached skill level 1 in Stealth
  5275 | D:5      | Reached skill level 1 in Evocations
  5355 | D:5      | Reached XP level 8. HP: 46/50 MP: 8/8
  5627 | D:5      | Found a bloodstained altar of Trog.
  5879 | D:5      | Found a hide-covered altar of Uskayaw.
  6198 | D:6      | Found a shimmering blue altar of Sif Muna.
  6223 | D:6      | Reached skill level 6 in Fighting
  6223 | D:6      | Reached skill level 5 in Staves
  6370 | D:6      | Reached skill level 5 in Armour
  6389 | D:6      | Noticed Prince Ribbit
  6411 | D:6      | Slain by Prince Ribbit

Illustrated notes

Levels and vault maps discovered:
D:1:      giann_wishing_wells, layout_rooms,
          hellmonk_ecumenical_altar_crossroads, lemuel_flame_loot_1
D:2:      layout_loops_ring, uniq_robin
D:3:      layout_basic, brannock_xom_greatest_gift, vehumet_altar_wand_db,
          gup_sewer_entry_spiral, kennysheep_pointless_box
D:4:      layout_basic, lemuel_round_altar, grunt_ministairs_8,
          chequers_serial_rivers_micro_c, uniq_eustachio
D:5:      layout_gridville, lemuel_coloured_pillars_altar,
          overflow_temple_1_default
D:6:      layout_loops_cross, ashenzari_altar_1,
          mainiacjoe_overflow_cross_hatched, kennysheep_okawaru_gauntlet,
          temple_pool_b, serial_shops, nicolae_shop_waterfront,
          minmay_guarded_unrand_staff_of_olgreb, uniq_blork_the_orc,
          uniq_prince_ribbit1

Skill      XL: |  1  2  3  4  5  6  7  8 |
---------------+-------------------------+-----
Armour         | 1 2 3 4 5 |  5.0
Throwing       | 2 3 |  3.0
Fighting       | 3 4 5 6 |  6.2
Dodging        | 3 |  3.9
Staves         | 4 5 |  5.1
Stealth        | 1 2 |  2.6
Evocations     | 1 |  1.8

Action                   |  1- 3 |  4- 6 |  7- 9 || total
-------------------------+-------+-------+-------++-------
Melee: Quarterstaff      |   101 |   206 |   153 ||   460
Throw: Dart              |       |    29 |    24 ||    53
  Use: Potion            |       |       |     1 ||     1
Armor: Leather armour    |    35 |   116 |    89 ||   240
Dodge: Dodged            |    68 |   168 |   109 ||   345

Table legend: (Time is in decaauts)
 A = Elapsed time spent in this place.
 B = Non-inter-level travel time spent in this place.
 C = Inter-level travel time spent in this place.
 D = Time resting spent in this place.
 E = Time spent auto-exploring this place.
 F = Levels seen in this place.
 G = Mean time per level.
                   A        B        C        D        E       F      G
               +--------+--------+--------+--------+--------+-----+--------+
         Total |   6552 |   6481 |     71 |      0 |   4858 |   7 |  936.0 |
       Dungeon |   6060 |   5989 |     71 |      0 |   4598 |   6 | 1010.0 |
         Sewer |    492 |    492 |      0 |      0 |    259 |   1 |  492.0 |
               +--------+--------+--------+--------+--------+-----+--------+

Top non-repeatable levels by time:
     D:3: 1564 daAuts
     D:2: 1319 daAuts
     D:5: 1143 daAuts
     D:1: 976 daAuts
     D:4: 817 daAuts
   Sewer: 492 daAuts
     D:6: 238 daAuts
